 Dungeon Crawl Stone Soup version 0.30-a0-242-g7bf8e6d787 (webtiles) character file.

Game seed: 15897087448102293057

7 gzilladon the Magician (level 1, -1/13 HPs)
             Began as a Demonspawn Hedge Wizard on Oct 11, 2022.
             Slain by a giant cockroach (2 damage)
             ... on level 1 of the Dungeon.
             The game lasted 00:00:44 (100 turns).

gzilladon the Magician (Demonspawn Hedge Wizard)     Turns: 100, Time: 00:00:44

Health: -1/13      AC:  3    Str: 10    XL:     1   Next: 83%
Magic:  4/4        EV: 12    Int: 15    God:
Gold:   0          SH:  0    Dex: 12    Spells: 5/6 levels left

rFire   . . .      SeeInvis .    a - +0 dagger
rCold   . . .      Faith    .    (no shield)
rNeg    . . .      Spirit   .    b - +0 robe
rPois   .          Reflect  .    c - +0 hat
rElec   .          Harm     .    (no cloak)
rCorr   .          Rampage  .    e - +0 pair of gloves
Will    .....                    (no boots)
Stlth   ++........               (no amulet)
HPRegen 0.22/turn                (no ring)
MPRegen 0.09/turn                (no ring)

@: no status effects
A: no striking features
a: no special abilities


You were on level 1 of the Dungeon.
You visited 1 branch of the dungeon, and saw 1 of its levels.

Inventory:

Hand Weapons
 a - a +0 dagger (weapon)
Armour
 b - a +0 robe (worn)
 c - a +0 hat (worn)
 e - a +0 pair of gloves (worn)
Scrolls
 f - a scroll of amnesia {unknown}
Potions
 d - a potion of magic


   Skills:
 + Level 2.0 Dodging
 + Level 2.1 Stealth
 + Level 3.0 Spellcasting
 + Level 1.0 Conjurations
 + Level 1.0 Summonings
 + Level 0.8 Translocations


You had 5 spell levels left.
You knew the following spells:

 Your Spells              Type           Power      Damage    Failure   Level
a - Magic Dart            Conj           20%        1d4       13%         1

Your spell library contained the following spells:

 Spells                   Type           Power      Damage    Failure   Level
 Slow                     Hex            8%         N/A       21%         1
 Call Imp                 Summ           5%         N/A       21%         2
 Blink                    Tloc           8%         N/A       22%         2
 Cigotuvi's Dreadful Rot  Necr/Pois/Air  4%         N/A       30%         2
 Mephitic Cloud           Conj/Pois/Air  3%         N/A       45%         3


Dungeon Overview and Level Annotations

Branches:
Dungeon (1/15)

Altars:


Message History

You hit the goblin.
You kill the goblin!
The kobold misses you.
Your Dodging skill increases to level 2!
You closely miss the giant cockroach. The giant cockroach barely misses you.
The kobold closely misses you.
You barely miss the giant cockroach. The giant cockroach barely misses you.
The kobold barely misses you.
The giant cockroach bites you but does no damage.
The hobgoblin hits you but does no damage.
You closely miss the giant cockroach.
The giant cockroach bites you but does no damage.
The kobold closely misses you. The hobgoblin closely misses you.
You closely miss the giant cockroach. The giant cockroach barely misses you.
The kobold completely misses you.
The hobgoblin hits you but does no damage.
You hit the giant cockroach but do no damage.
The giant cockroach barely misses you. The kobold hits you with a +0 whip.
The hobgoblin hits you.
You hit the giant cockroach but do no damage.
The giant cockroach bites you. The kobold hits you but does no damage.
The hobgoblin misses you.
You barely miss the giant cockroach. The giant cockroach closely misses you.
The kobold hits you but does no damage. The giant cockroach closely misses you.
The hobgoblin barely misses you.
You hit the giant cockroach but do no damage.
The giant cockroach closely misses you. The kobold hits you but does no damage.
The hobgoblin closely misses you.
You barely miss the giant cockroach. The giant cockroach closely misses you.
The kobold closely misses you.
The hobgoblin hits you but does no damage.
You closely miss the giant cockroach. The giant cockroach barely misses you.
The kobold hits you but does no damage. The hobgoblin barely misses you.
You closely miss the giant cockroach. The giant cockroach barely misses you.
The kobold closely misses you. The hobgoblin barely misses you.
You hit the giant cockroach but do no damage.
The giant cockroach barely misses you. The kobold hits you with a +0 whip.
* * * LOW HITPOINT WARNING * * *
The giant cockroach bites you.
You die...

## .. .# ## .# ..
############.#.#
#####..........$g..##
#..........###!@B...#
.....#.#........#K......
###. #.#........###..#.#
# #.#.######.#.. ....
#.#†# ###.##.# #.#
#.†.###..## .# ....
#.........##.#....
#.####.....#...... #.#
##.##..#


You could see a giant cockroach, a hobgoblin and a kobold.

Vanquished Creatures
  A goblin (D:1)
  4 jackals (D:1)
5 creatures vanquished.

Notes
Turn   | Place    | Note
-------+----------+-------------------------------------------
     0 | D:1      | gzilladon the Demonspawn Hedge Wizard began the quest for
                  | the Orb.
     0 | D:1      | Reached XP level 1. HP: 13/13 MP: 4/4
   100 | D:1      | Slain by a giant cockroach

Illustrated notes

Levels and vault maps discovered:
D:1:      dpeg_arrival_round_c, layout_basic, serial_shops,
          nicolae_shop_crystal, nicolae_shop_hallway_stairs, hex_tiny

Skill      XL: |  1 |
---------------+----+-----
Stealth        | 2 |  2.1
Dodging        | 2 |  2.0
Spellcasting   | |  3.0
Conjurations   | |  1.0
Summonings     | |  1.0
Translocations | |  0.8

Action                   || total
-------------------------++-------
Melee: Dagger            ||    32
 Stab: Sleeping          ||     1
Armor: Robe              ||    14
Dodge: Dodged            ||    45

Table legend: (Time is in decaauts)
 A = Elapsed time spent in this place.
 B = Non-inter-level travel time spent in this place.
 C = Inter-level travel time spent in this place.
 D = Time resting spent in this place.
 E = Time spent auto-exploring this place.
 F = Levels seen in this place.
 G = Mean time per level.
                   A        B        C        D        E       F      G
               +--------+--------+--------+--------+--------+-----+--------+
         Total |    100 |    100 |      0 |     22 |      0 |   1 |  100.0 |
       Dungeon |    100 |    100 |      0 |     22 |      0 |   1 |  100.0 |
               +--------+--------+--------+--------+--------+-----+--------+

Top non-repeatable levels by time:
     D:1: 100 daAuts
